 Dungeon Crawl Stone Soup version 0.29-a0-266-gf56f883ddd (webtiles) character file.

Game seed: 6159460058694640757

190130 Morbidden the Eclecticist (level 18, -5/126 HPs)
             Began as a Djinni Air Elementalist on Mar 6, 2022.
             Was the Champion of Cheibriados.
             Slain by a caustic shrike simulacrum (19 damage)
             ... in an ice cave.
             The game lasted 01:26:10 (32578 turns).

Morbidden the Eclecticist (DjAE)                   Turns: 32578, Time: 01:26:10

Health: -5/126     AC: 17    Str: 28    XL:     18   Next: 82%
Gold:   3294       EV: 18    Int: 35    God:    Cheibriados [******] SH: 15 Dex: 32

rFire   + + +      SeeInvis +   a - +8 autumn katana {vorpal, manifold assault}
rCold   + . .      Faith    .   e - +1 kite shield {rC+}
rNeg    + + +      Spirit   .   O - +0 shadow dragon scales
rPois   ∞          Reflect  .   H - +2 hat "Myavac" {Str+4}
rElec   +          Harm     +   I - scarf {rC+ rF+}
rCorr   .          Rampage  .   z - +1 pair of gloves of Ivuqeu {rElec rN+++ Str-2 Stlth+}
Will    +....                   (boots unavailable)
Stlth   +++++.....              h - amulet "Laarom" {Harm rN+ Regen+}
HPRegen 1.11/turn               L - ring of Rojulato {rF+ rC- Dex+4 Slay+4 SInv}
MPRegen 0.00/turn               U - ring of ice

@: flying, very slow
A: sickness immunity, fire resistance 2, cold vulnerability 1, float, innate
caster, HP casting, extra vitality 1, weak 1
}: 1/15 runes: gossamer
a: Renounce Religion, Bend Time, Temporal Distortion, Slouch, Step From Time


You were in an ice cave.
You worshipped Cheibriados.
Cheibriados was exalted by your worship.
You visited 6 branches of the dungeon, and saw 30 of its levels.
You visited 1 bazaar.
You also visited: Sewer, Bailey, Gauntlet and Ice Cave.

You collected 3690 gold pieces.
You spent 396 gold pieces at shops.

Inventory:

Hand Weapons
 a - the +8 autumn katana (weapon) {vorpal, manifold assault}
   (You found it in a bailey)

   It sometimes launches melee attacks against multiple visible enemies.
 b - the +9 rapier "Zejosib" {elec, Drain Int+7}
   (You found it in a bailey)

   It occasionally discharges a powerful burst of electricity upon striking a
   foe.
   Int:       It affects your intelligence (+7).
   Drain:     It drains your maximum health when unequipped.
 X - a +0 double sword
Missiles
 w - 5 curare-tipped darts (quivered)
 V - 4 throwing nets
Armour
 e - a +1 kite shield of cold resistance (worn)
 z - the +1 pair of gloves of Ivuqeu (worn) {rElec rN+++ Str-2 Stlth+}
   (You found it in a Gauntlet)

   Str:       It affects your strength (-2).
   rElec:     It insulates you from electricity.
   rN:        It renders you almost immune to negative energy.
   Stlth:     It makes you more stealthy.
 G - a +0 tower shield of cold resistance
 H - the +2 hat "Myavac" (worn) {Str+4}
   (You found it in a bailey)

   Str:       It affects your strength (+4).
 I - a scarf of resistance (worn)
 O - +0 shadow dragon scales (worn)
Magical Staves
 y - a staff of conjuration
Jewellery
 h - the amulet "Laarom" (around neck) {Harm rN+ Regen+}
   (You acquired it on level 3 of the Dungeon)

   [amulet of regeneration]

   rN:        It protects you from negative energy.
   Regen:     It increases your rate of health regeneration.
   Harm:      It increases damage dealt and taken.
 k - a ring of see invisible
 p - a ring of resist corrosion
 L - the ring of Rojulato (left hand) {rF+ rC- Dex+4 Slay+4 SInv}
   (You found it on level 2 of the Spider Nest)

   [ring of protection from fire]

   Dex:       It affects your dexterity (+4).
   Slay:      It affects your accuracy & damage with ranged weapons and melee
   (+4).
   rF:        It protects you from fire.
   rC:        It makes you vulnerable to cold.
   SInv:      It lets you see invisible.
 P - a ring of willpower
 R - a +4 ring of protection
 T - a +6 ring of dexterity
 U - a ring of ice (right hand)
Wands
 f - a wand of digging (4)
 t - a wand of flame (11)
 x - a wand of paralysis (15)
 B - a wand of iceblast (17)
 W - a wand of mindburst (16)
 Z - a wand of acid (21)
Scrolls
 g - a scroll of fog
 l - a scroll of torment
 n - 6 scrolls of blinking
 o - 3 scrolls of summoning
 r - 6 scrolls of fear
 u - 2 scrolls of silence
 E - 10 scrolls of teleportation
 K - 9 scrolls of identify
 N - 5 scrolls of enchant armour
 S - 6 scrolls of enchant weapon
Potions
 c - 4 potions of heal wounds
 i - a potion of lignification
 j - 8 potions of mutation
 s - 4 potions of brilliance
 v - 3 potions of resistance
 A - 10 potions of curing
 C - 4 potions of might
 D - 8 potions of ambrosia
 F - 5 potions of invisibility
 J - 2 potions of cancellation
Miscellaneous
 m - a condenser vane


   Skills:
 * Level 10.3 Fighting
 * Level 7.3(10.0) Short Blades
 + Level 10.6(11.5) Long Blades
 + Level 1.1 Throwing
 + Level 6.7 Armour
 * Level 10.7 Dodging
 + Level 3.1 Stealth
 * Level 7.6 Shields
 + Level 18.6 Spellcasting
 * Level 9.8 Invocations


You had 13 spell levels left.
You knew the following spells:

 Your Spells              Type           Power      Damage    Failure   Level
a - Airstrike             Air            52%        N/A       1%          4
b - Static Discharge      Conj/Air       100%       N/A       0%          2
c - Metabolic Englaciati  Hex/Ice        63%        N/A       1%          5
d - Shock                 Conj/Air       100%       1d9       0%          1
e - Pain                  Necr           100%       1d9       0%          1
f - Ensorcelled Hibernat  Hex/Ice        100%       N/A       0%          2
g - Yara's Violent Unrav  Hex/Tmut       52%        3d20      1%          5
h - Conjure Ball Lightni  Conj/Air       52%        3x3d18    1%          6
q - Swiftness             Air            100%       N/A       1%          3
s - Malign Gateway        Summ/Tloc      52%        N/A       5%          7
x - Blink                 Tloc           100%       N/A       0%          2
z - Ozocubu's Armour      Ice            100%       N/A       1%          3
Your spell library was empty.

Dungeon Overview and Level Annotations

Branches:
Dungeon (15/15)            Temple (1/1) D:5            Lair (6/6) D:8
 Shoals (2/4) Lair:3       Spider (4/4) Lair:3        Slime (0/5) Lair:6
    Orc (2/2) D:12            Elf (0/3) Orc:2        Vaults (0/5) D:14
 Depths (0/4) D:15          Sewer (visited)          Bailey (visited)
  IceCv (1/1)             Gauntlet (visited)

Altars:
Ashenzari
Cheibriados
Dithmenos
Elyvilon
Fedhas
Gozag
Hepliaklqana
Makhleb
Nemelex Xobeh
Okawaru
Qazlal
Ru
Sif Muna
Trog
Uskayaw
Vehumet
Wu Jian
Xom
Zin
The Shining One
Beogh
Lugonu

Shops:
D:5 !   D:8 *   Orc:2 :[(:

Portals:
Abyss: D:13 Lair:6
Trove: D:13 (give +6 demon blade)

Annotations:
D:2 Natasha
D:5 Dowan, Duvessa
Lair:6 2 transporters, P0WERM0DE's ghost, journeyman DDCK


Innate Abilities, Weirdness & Mutations

You are immune to sickness and miasma.
You are immune to poison.
Your flesh is very heat resistant. (rF++)
You are vulnerable to cold. (rC-)
You float through the air rather than walking.
You learn spells naturally, not from books.
Your magical power is your life essence.
You have superior vitality. (+4 MHP)
You are weak. (Str -2)


Message History

You block the caustic shrike simulacrum's attack.
The caustic shrike simulacrum misses you.
The caustic shrike simulacrum claws you!
The caustic shrike simulacrum freezes you!
You resist.
Casting: Airstrike (safe; 1% risk of failure)
Confirm with . or Enter, or press ? or * to list all spells.
Aiming: Airstrike (safe; 1% risk of failure)
Press: ? - help, Dir - move target, f - caustic shrike simulacrum
Aim: a caustic shrike simulacrum (empty space bonus: 6/8)
The air twists around and strikes the caustic shrike simulacrum!
The caustic shrike simulacrum is moderately damaged.
The caustic shrike simulacrum completely misses you.
The caustic shrike simulacrum claws you but does no damage.
You block the caustic shrike simulacrum's attack.
The caustic shrike simulacrum completely misses you.
Unknown command.
Unknown command.
Casting: Airstrike (safe; 1% risk of failure)
Confirm with . or Enter, or press ? or * to list all spells.
You don't know that spell.
Unknown command.
Unknown command.
Casting: Airstrike (safe; 1% risk of failure)
Confirm with . or Enter, or press ? or * to list all spells.
Aiming: Airstrike (safe; 1% risk of failure)
Press: ? - help, Dir - move target, f/p - caustic shrike simulacrum
Aim: a caustic shrike simulacrum (moderately damaged, empty space bonus: 6/8)
The air twists around and strikes the caustic shrike simulacrum!
The caustic shrike simulacrum is heavily damaged.
You block the caustic shrike simulacrum's attack. x2
The caustic shrike simulacrum claws you!!
The caustic shrike simulacrum freezes you!
You resist.
* * * LOW HITPOINT WARNING * * *
The caustic shrike simulacrum claws you!
* * * LOW HITPOINT WARNING * * *
The caustic shrike simulacrum freezes you!
You resist.
You die...

#...............#
#.......⌠.......#
#...............#
#...............#
#.............##
.####...####.# #.
#...#..###
##'##)⌠# #.@.#n##
#°ZZ#.. #...###
#...# #.Z.# .....
8...8 .......


You could see an ettin simulacrum and 2 caustic shrike simulacra.

Vanquished Creatures
  Kirke (Spider:4)
  Donald (Shoals:1)
  3 emperor scorpions (Spider:2)
  5 ghost moths (Spider:4)
  2 broodmothers (Spider:1)
  Nessos (D:15)
  2 entropy weavers (Spider:4)
  A dire elephant (D:15)
  2 spark wasps (Spider:4)
  A minotaur (Gauntlet)
  14 hydras
  A merfolk impaler (Shoals:2)
  3 ogre magi
  8 boulder beetles
  A vault guard (D:14)
  2 centaur warriors
  2 jorogumos
  A jorogumo (shapeshifter) (Lair:6)
  2 radroaches
  2 caustic shrike simulacra (IceCv)
  16 two-headed ogres
  5 dancing weapons (Spider:3)
  A tengu warrior (D:15)
  10 death yaks
  2 thrashing horrors (Lair:6)
  Amaemon (D:10)
  6 pharaoh ants
  2 deep trolls (Orc:2)
  3 skeletal warriors (D:15)
  3 sea snakes (Shoals:1)
  2 sun moths
  A spriggan simulacrum (IceCv)
  5 orb spiders
  2 obsidian statues (IceCv)
  Pikel (D:5)
  5 steelbarb worms (Spider:4)
  A necromancer (Gauntlet)
  2 orc knights (D:15)
  13 wolf spiders
  3 deep elf pyromancers
  An oklob plant (Gauntlet)
  9 manticores
  An orc sorcerer (Orc:1)
  22 ugly things
  5 cyclopes
  4 moths of wrath
  A worldbinder (Gauntlet)
  2 nameless horrors
  Joseph (D:10)
  A guardian serpent (Lair:6)
  Maurice (D:11)
  2 merfolk sirens
  A water nymph (shapeshifter) (Lair:6)
  3 black mambas
  5 torpor snails
  7 cane toads
  An orange demon (D:10)
  3 demonic crawlers
  An unseen horror (D:5)
  Psyche (D:8)
  7 kobold demonologists
  15 komodo dragons
  3 freezing wraiths
  3 gargoyles
  2 rime drakes (Lair:5)
  2 tengu conjurers (D:13)
  An anaconda simulacrum (IceCv)
  3 ancient zymes (Lair:6)
  3 merfolk (Shoals:1)
  11 meliai
  12 trolls
  A polar bear (Lair:5)
  A burning bush (Lair:4)
  24 tarantellas
  A hornet (shapeshifter) (Lair:6)
  A hornet (D:9)
  2 wind drakes (Shoals:1)
  23 blink frogs
  3 snapping turtles
  8 slime creatures
  2 centaur simulacra
  A spriggan (Lair:6)
  31 yaks
  13 jumping spiders
  2 shadows
  18 culicivoras
  2 water elementals
  2 wraiths
  2 large abominations (Lair:6)
  8 small abominations (Lair:6)
  A vampire (Bailey)
  7 wyverns
  11 basilisks
  36 redbacks
  8 vampire mosquitoes
  2 minotaur simulacra (IceCv)
  2 steam dragons
  2 chaos spawn (Lair:6)
  5 wargs
  A water moccasin (shapeshifter) (Lair:6)
  14 water moccasins
  2 hydra simulacra (IceCv)
  3 acid dragons
  2 ettin simulacra (IceCv)
  An ice beast (D:8)
  A swamp drake (D:12)
  17 orc warriors
  27 ogres
  A black bear (shapeshifter) (Spider:2)
  3 black bears
  8 centaurs
  2 wolves (D:8)
  A phantom (D:4)
  3 boggarts (Gauntlet)
  3 lemures (D:5)
  2 gnoll sergeants
  8 kobold brigands
  22 bullfrogs
  A necrophage (D:7)
  3 scorpions
  5 wights (D:8)
  7 wolf zombies (Bailey)
  5 howler monkeys (D:8)
  8 vampire bats (Bailey)
  11 electric eels
  3 lava snakes (Lair:5)
  5 jellies
  5 hounds
  A gnoll shaman (D:6)
  20 orc priests
  Ijyb (D:6)
  Natasha (D:2)
  14 iguanas
  19 orc wizards
  17 gnolls
  10 adders
  2 river rats (D:3)
  A shadow imp (D:6)
  A white imp (D:6)
  An ufetubus (D:7)
  A worm (D:4)
  4 dart slugs
  53 orcs
  5 endoplasms
  3 giant cockroaches
  9 goblins
  13 hobgoblins
  5 quokkas
  10 ball pythons
  7 bats
  20 frilled lizards
  35 kobolds
  20 orc zombies (Bailey)
  13 rats
  A lurking horror (D:13)
953 creatures vanquished.

Vanquished Creatures (collateral kills)
  An emperor scorpion (Spider:3)
  An entropy weaver (Spider:3)
  A caustic shrike simulacrum (IceCv)
  2 dancing weapons (Spider:3)
  2 pharaoh ants
  2 sun moths
  An orb spider (Spider:4)
  3 steelbarb worms
  A wolf spider (Spider:4)
  A torpor snail (Spider:3)
  2 demonic crawlers (Spider:3)
  A meliai (Spider:3)
  7 tarantellas
  2 jumping spiders
  4 culicivoras
  3 hogs (Spider:4)
  A hog (shapeshifter) (Spider:4)
  7 redbacks
  11 ball lightnings
53 creatures vanquished.

Vanquished Creatures (others)
  24 eldritch tentacles
  A boulder beetle (Spider:3)
  A tarantella (Spider:4)
  A human (Spider:4)
  A redback (Spider:4)
  143 ball lightnings
  2 bushes
  20 fungi
  68 plants
261 creatures vanquished.

Grand Total: 1267 creatures vanquished

Notes
Turn   | Place    | Note
-------+----------+-------------------------------------------
     0 | D:1      | Morbidden the Djinni Air Elementalist began the quest for
                  | the Orb.
     0 | D:1      | Reached XP level 1. HP: 15/15 MP: 0/0
   141 | D:1      | Reached XP level 2. HP: 19/21 MP: 0/0
   675 | D:1      | Reached XP level 3. HP: 22/25 MP: 0/0
   675 | D:1      | Learned a level 1 spell: Pain
   731 | D:1      | Reached skill level 3 in Spellcasting
  1497 | D:1      | Found a faded altar of an unknown god.
  1732 | D:2      | Reached XP level 4. HP: 10/31 MP: 0/0
  2458 | D:2      | Noticed Natasha
  2465 | D:2      | Killed Natasha
  2466 | D:2      | Reached skill level 1 in Fighting
  2666 | D:2      | Noticed Natasha
  2846 | D:3      | Identified a scroll of acquirement
  2847 | D:3      | Acquired the amulet "Laarom" {Harm rN+ Regen+}
  2933 | D:3      | Reached XP level 5. HP: 36/37 MP: 0/0
  2933 | D:3      | Learned a level 2 spell: Ensorcelled Hibernation
  3046 | D:3      | Found a glowing drain.
  3075 | Sewer    | Entered a sewer
  3102 | Sewer    | Noticed a water moccasin
  3107 | Sewer    | Killed a water moccasin
  3108 | Sewer    | Reached skill level 4 in Spellcasting
  3108 | Sewer    | Reached XP level 6. HP: 41/43 MP: 0/0
  3727 | D:4      | Noticed an ogre
  3731 | D:4      | Killed an ogre
  3732 | D:4      | Reached skill level 5 in Spellcasting
  3732 | D:4      | Reached XP level 7. HP: 49/49 MP: 0/0
  3732 | D:4      | Learned a level 2 spell: Blink
  4191 | D:4      | Reached skill level 6 in Spellcasting
  4191 | D:4      | Reached XP level 8. HP: 48/55 MP: 0/0
  4459 | D:5      | Entered Level 5 of the Dungeon
  4511 | D:5      | Noticed an unseen horror
  4520 | D:5      | Killed an unseen horror
  4569 | D:5      | Reached skill level 7 in Spellcasting
  4827 | D:5      | Found a staircase to the Ecumenical Temple.
  4836 | Temple   | Entered the Ecumenical Temple
  5135 | Temple   | Became a worshipper of Cheibriados the Contemplative
  5424 | D:5      | Noticed Duvessa
  5424 | D:5      | Noticed Dowan
  5456 | D:5      | Noticed Ijyb
  5486 | D:5      | Found Wenn's Distillery.
  5721 | D:5      | Noticed Pikel
  5726 | D:5      | Killed Pikel
  5727 | D:5      | Reached skill level 1 in Armour
  5727 | D:5      | Reached skill level 1 in Invocations
  5727 | D:5      | Reached XP level 9. HP: 43/62 MP: 0/0
  5727 | D:5      | Learned a level 3 spell: Ozocubu's Armour
  5880 | D:6      | Reached skill level 8 in Spellcasting
  6089 | D:6      | Reached * piety under Cheibriados
  6497 | D:6      | Killed Ijyb
  6609 | D:7      | Reached XP level 10. HP: 60/67 MP: 0/0
  6722 | D:7      | Reached ** piety under Cheibriados
  6755 | D:7      | Reached skill level 9 in Spellcasting
  7594 | D:8      | Noticed Psyche
  7594 | D:8      | Found Jofude's General Store.
  7596 | D:8      | Killed Psyche
  7666 | D:8      | Found a flagged portal.
  7679 | Bailey   | Entered a bailey
  8061 | Bailey   | Reached *** piety under Cheibriados
  8097 | Bailey   | Identified the +2 hat "Myavac" {Str+4}
  8126 | Bailey   | Reached skill level 10 in Spellcasting
  8450 | Bailey   | Found the +8 autumn katana {vorpal, manifold assault}
  8543 | Bailey   | Noticed a gargoyle
  8545 | Bailey   | Killed a gargoyle
  8580 | Bailey   | Identified the +9 rapier "Zejosib" {elec, Drain Int+7}
  8586 | Bailey   | Identified the +1 chain mail of the End {rPois Str+4}
  8591 | Bailey   | Identified the +1 robe "Ulepsu" {rF+ rN+ Str+4 Int+4}
  8679 | D:8      | Reached **** piety under Cheibriados
  8706 | D:8      | Reached skill level 1 in Long Blades
  8779 | D:8      | Reached XP level 11. HP: 68/74 MP: 0/0
  8779 | D:8      | Learned a level 5 spell: Metabolic Englaciation
  9189 | D:8      | Found a staircase to the Lair.
  9368 | D:8      | Reached skill level 5 in Fighting
  9370 | D:8      | Reached ***** piety under Cheibriados
  9382 | D:8      | Reached skill level 11 in Spellcasting
  9626 | Lair:1   | Entered Level 1 of the Lair of Beasts
  9629 | Lair:1   | Noticed a four-headed hydra
  9633 | Lair:1   | Killed a four-headed hydra
  9633 | Lair:1   | Noticed a six-headed hydra
  9636 | Lair:1   | Killed a six-headed hydra
 10468 | Lair:2   | Reached skill level 5 in Dodging
 10470 | Lair:2   | Reached XP level 12. HP: 62/81 MP: 0/0
 10484 | Lair:2   | Reached skill level 5 in Long Blades
 10680 | Lair:2   | Noticed a six-headed hydra
 10691 | Lair:2   | Killed a six-headed hydra
 11429 | Lair:3   | Reached skill level 12 in Spellcasting
 11451 | Lair:3   | Reached skill level 5 in Invocations
 11469 | Lair:3   | Reached skill level 1 in Shields
 11507 | Lair:3   | Found a hole to the Spider Nest.
 11515 | Lair:3   | Reached ****** piety under Cheibriados
 11676 | Lair:3   | Noticed a death yak
 11676 | Lair:3   | Noticed an eight-headed hydra
 11682 | Lair:3   | Killed a death yak
 11684 | Lair:3   | Killed a ten-headed hydra
 11685 | Lair:3   | Reached XP level 13. HP: 80/88 MP: 0/0
 11685 | Lair:3   | Learned a level 5 spell: Yara's Violent Unravelling
 11875 | Lair:3   | Found a staircase to the Shoals.
 11988 | Lair:3   | Noticed a seven-headed hydra
 11992 | Lair:3   | Killed a seven-headed hydra
 12329 | Lair:4   | Noticed a seven-headed hydra
 12333 | Lair:4   | Killed a seven-headed hydra
 12524 | Lair:4   | Noticed a five-headed hydra
 12532 | Lair:4   | Killed a five-headed hydra
 12537 | Lair:4   | Reached skill level 13 in Spellcasting
 14022 | Lair:6   | Entered Level 6 of the Lair of Beasts
 14025 | Lair:6   | Reached skill level 1 in Short Blades
 14127 | Lair:6   | Noticed an eight-headed hydra
 14131 | Lair:6   | Killed an eight-headed hydra
 14131 | Lair:6   | Noticed a boulder beetle
 14132 | Lair:6   | Noticed a seven-headed hydra
 14155 | Lair:6   | Killed a boulder beetle
 14205 | Lair:6   | Noticed a seven-headed hydra
 14209 | Lair:6   | Killed a seven-headed hydra
 14228 | Lair:6   | Reached XP level 14. HP: 94/96 MP: 0/0
 14415 | Lair:6   | Identified the +1 robe of the Lair of Beasts {rPois rF++
                  | rC- Str+2}
 14417 | Lair:6   | Found a transporter.
 14419 | Lair:6   | Found a transporter.
 14420 | Lair:6   | Noticed P0WERM0DE's ghost (journeyman DDCK)
 14697 | Lair:6   | Found the +3 pair of seven-league boots {Rampage+∞}
 15000 | Lair:6   | Reached skill level 14 in Spellcasting
 15323 | Lair:6   | Found a staircase to the Slime Pits.
 15509 | Lair:6   | Found a corrupted altar of Lugonu.
 15509 | Lair:6   | Found a one-way gate to the infinite horrors of the Abyss.
 16040 | D:9      | Found a burning altar of Makhleb.
 16045 | D:9      | Found a glowing silver altar of Zin.
 16045 | D:9      | Noticed an Executioner
 16045 | D:9      | Noticed an angel
 16213 | D:10     | Entered Level 10 of the Dungeon
 16325 | D:10     | Noticed Joseph
 16333 | D:10     | Killed Joseph
 16918 | D:10     | Noticed Amaemon
 16923 | D:10     | Killed Amaemon
 17137 | D:11     | Noticed Maurice
 17141 | D:11     | Killed Maurice
 17189 | D:11     | Reached XP level 15. HP: 79/103 MP: 0/0
 17189 | D:11     | Learned a level 6 spell: Conjure Ball Lightning
 18163 | D:12     | Found a gate leading to a gauntlet.
 18177 | Gauntlet | Entered a Gauntlet
 18177 | Gauntlet | Found a transporter.
 18177 | Gauntlet | Found a transporter.
 18177 | Gauntlet | Found a runed translucent door.
 18178 | Gauntlet | Found a runed translucent door.
 18190 | Gauntlet | Found a transporter.
 18208 | Gauntlet | Found a transporter.
 18208 | Gauntlet | Found a transporter.
 18208 | Gauntlet | Found a transporter.
 18211 | Gauntlet | Found a transporter.
 18211 | Gauntlet | Found a transporter.
 18225 | Gauntlet | Found a transporter.
 18243 | Gauntlet | Found a transporter.
 18253 | Gauntlet | Found a transporter.
 18268 | Gauntlet | Found a transporter.
 18288 | Gauntlet | Found a transporter.
 18303 | Gauntlet | Found a transporter.
 18357 | Gauntlet | Reached skill level 5 in Armour
 18543 | Gauntlet | Identified the +1 pair of gloves of Ivuqeu {rElec rN+++
                  | Str-2 Stlth+}
 18589 | Gauntlet | Identified the +8 broad axe of Fofonog {vorpal, Stlth+}
 18589 | Gauntlet | Identified the amulet "Dugafoer" {Acrobat rN+ Will- rCorr
                  | Dex+2}
 18619 | Gauntlet | Identified the +7 war axe of Pestilence {venom, Int+2 SInv}
 19077 | D:12     | Found a staircase to the Orcish Mines.
 20242 | D:13     | Found a corrupted altar of Lugonu.
 20811 | D:13     | Found a portal to a secret trove of treasure.
 20983 | D:14     | Found a gate to the Vaults.
 21015 | D:14     | Reached skill level 15 in Spellcasting
 21052 | D:14     | Found a flickering gateway to a bazaar.
 21085 | Bazaar   | Entered a bazaar
 21086 | Bazaar   | Found Tiuko Mea's Magic Scroll Emporium.
 21086 | Bazaar   | Found Beawuofo's General Store.
 21087 | Bazaar   | Found Zourokhly's Jewellery Shop.
 21118 | Bazaar   | Found Refiugib's Assorted Antiques.
 21126 | Bazaar   | Bought a lumpy silvery potion for 27 gold pieces
 21138 | Bazaar   | Bought a scroll of enchant armour for 82 gold pieces
 21138 | Bazaar   | Bought a scroll of enchant armour for 82 gold pieces
 21138 | Bazaar   | Bought a scroll of enchant weapon for 82 gold pieces
 21160 | Bazaar   | Bought a scroll of summoning for 123 gold pieces
 21203 | D:14     | Reached skill level 1 in Throwing
 21220 | D:14     | Acquired a manual of Spellcasting
 22382 | D:15     | Entered Level 15 of the Dungeon
 22428 | D:15     | Reached XP level 16. HP: 86/110 MP: 0/0
 23149 | D:15     | Found a broken altar of Ashenzari.
 23295 | D:15     | Noticed Nessos
 23300 | D:15     | Killed Nessos
 23435 | D:15     | Reached skill level 5 in Short Blades
 23443 | D:15     | Reached skill level 16 in Spellcasting
 23629 | D:15     | Found a staircase to the Depths.
 24186 | Orc:1    | Entered Level 1 of the Orcish Mines
 24472 | Orc:2    | Entered Level 2 of the Orcish Mines
 24674 | Orc:2    | Reached skill level 5 in Shields
 25025 | Orc:2    | Found Buyfey's Book Boutique.
 25026 | Orc:2    | Found Fienyuq's Antique Armour Shop.
 25026 | Orc:2    | Found Roraiw's Book Shop.
 25027 | Orc:2    | Found Ynkefiwk's Antique Weapon Emporium.
 25130 | Orc:2    | Found a staircase to the Elven Halls.
 25754 | Spider:1 | Entered Level 1 of the Spider Nest
 25759 | Spider:1 | Reached skill level 10 in Long Blades
 25759 | Spider:1 | Reached skill level 17 in Spellcasting
 26325 | Spider:1 | Reached XP level 17. HP: 50/116 MP: 0/0
 26325 | Spider:1 | Learned a level 7 spell: Malign Gateway
 26987 | Spider:1 | Gained mutation: You are weak. (Str -2) [you]
 28085 | Spider:2 | Identified the ring of Rojulato {rF+ rC- Dex+4 Slay+4 SInv}
 28710 | Spider:3 | Found a runed translucent door.
 29269 | Spider:3 | Reached skill level 18 in Spellcasting
 29343 | Spider:3 | Reached skill level 10 in Dodging
 29537 | Spider:4 | Entered Level 4 of the Spider Nest
 29843 | Spider:4 | Reached XP level 18. HP: 110/124 MP: 0/0
 30221 | Spider:4 | Noticed Nikola
 30243 | Spider:4 | Nikola changed into Nikola the shapeshifter
 30340 | Spider:4 | Noticed Kirke
 30345 | Spider:4 | Killed Kirke
 30531 | Spider:4 | Reached skill level 10 in Fighting
 31050 | Spider:4 | Got a gossamer rune of Zot
 31432 | Shoals:1 | Entered Level 1 of the Shoals
 31472 | Shoals:1 | Noticed Donald
 31478 | Shoals:1 | Killed Donald
 32307 | Shoals:2 | Found a frozen archway.
 32321 | IceCv    | Entered an ice cave
 32578 | IceCv    | Slain by a caustic shrike simulacrum

Illustrated notes

Levels and vault maps discovered:
D:1:      enne_arrival_octagon_isle, layout_loops_ring,
          hellmonk_ecumenical_altar_defaced_shrine
D:2:      layout_rooms, uniq_natasha
D:3:      layout_basic, portal_sewer_entry_b
D:4:      layout_loops_ring, minmay_fractal_squares_diagonal_5
D:5:      layout_loops_ring, temple_hall, serial_shops, shop, minivault_27,
          uniq_ijyb, uniq_duvessa, uniq_pikel
D:6:      layout_loops_ring, kb_lookout_dungeons_type, dk_noncrumbling_3
D:7:      layout_basic, chequers_arboretum
D:8:      layout_basic, minmay_lair_entry_grove, serial_shops,
          nicolae_stop_n_shop_2, enter_bailey_3, uniq_psyche
D:9:      layout_cave_pools, grunt_temple_overflow_order_and_chaos_2
D:10:     layout_loops_corners, uniq_amaemon, uniq_joseph
D:11:     layout_small_grid, uniq_maurice
D:12:     layout_loops_cross, erik_orc_1, gauntlet_entry_generic
D:13:     lemuel_reptile_caves, layout_loops_ring, enter_trove_6,
          amcnicky_altar_lugonu_corruption
D:14:     layout_loops_corners, david_vaults_5, serial_shops, bzr_in_the_mist
D:15:     hangedman_depths_entry_try_elsewhere_first, layout_loops_cross,
          minmay_misc_feat_chi, evilmike_ruin_ashenzari, uniq_nessos
Temple:   mainiacjoe_temple_cubbyholes
Lair:1:   layout_hall_layers
Lair:2:   layout_misc_corridors
Lair:3:   layout_gridlike, minmay_shoals_entry_hut,
          nicolae_spider_entry_tight_spaces, nzn_random_ring,
          serial_bayou_shore_b
Lair:4:   layout_long_grid, evilmike_ambush [evilmike_ambush_outer_basic,
          evilmike_ambush_inner_wall_2], lemuel_fruit_tree, grunt_megastairs_5,
          lemuel_fruit_fields
Lair:5:   layout_hall_layers, serial_bayou, serial_bayou_pond_a,
          serial_bayou_pond_b, serial_bayou_crossing, serial_bayou_lagoon_a,
          nicolae_lair_liquid_snakes
Lair:6:   hellmonk_lair_end_abyssal_woods, layout_gridlike,
          dpeg_slime_entry_corner, gammafunk_ghost_hive,
          hellmonk_guarded_unrand_seven_league_boots
Shoals:1: layout_shoals, uniq_donald
Shoals:2: layout_shoals, portal_ice_cave_entry_pillars_1,
          ebering_ghost_davey_jones
Spider:1: layout_spider_delve
Spider:2: layout_spider_delve, drop_trap, hellmonk_deceptive_appearances
Spider:3: cheibrodos_spider_deadly_dance
Spider:4: hellmonk_spider_rune_bug_friends, spiders_nest_the_unseen,
          uniq_nikola, uniq_kirke
Orc:1:    layout_caves, basic_altar, mines4_lemuel
Orc:2:    st_orc_open, layout_caves
IceCv:    ice_cave_tombish

Skill      XL: |  1  2  3  4  5  6  7  8  9 10 11 12 13 14 15 16 17 18 |
---------------+-------------------------------------------------------+-----
Spellcasting   | 3 4 5 6 7 8 10 11 12 13 14 15 17 18 | 18.6
Fighting       | 1 2 4 5 6 7 8 9 10 | 10.3
Stealth        | 2 3 |  3.1
Dodging        | 3 5 6 7 8 9 10 | 10.7
Armour         | 1 2 3 4 5 6 |  6.7
Invocations    | 1 2 3 4 5 6 7 8 9 |  9.8
Long Blades    | 1 4 6 7 8 9 10 | 10.6
Shields        | 1 3 4 5 6 7 |  7.6
Short Blades   | 2 3 4 5 6 7 |  7.3
Throwing       | 1 |  1.1

Action                   |  1- 3 |  4- 6 |  7- 9 | 10-12 | 13-15 | 16-18 || total
-------------------------+-------+-------+-------+-------+-------+-------++-------
Melee: Unarmed           |       |       |     1 |       |       |       ||     1
       Katana            |       |       |       |   136 |   392 |   301 ||   829
       Punch             |       |       |       |     1 |       |       ||     1
Throw: Dart              |       |       |     7 |       |     4 |     2 ||    13
 Cast: Shock             |    88 |    84 |   175 |    28 |       |       ||   375
       Static Discharge  |     1 |     2 |    13 |     6 |     4 |       ||    26
       Ensorcelled Hiber |       |     1 |     2 |     1 |       |       ||     4
       Blink             |       |       |     7 |     3 |    11 |     5 ||    26
       Airstrike         |       |       |    14 |   192 |   371 |   354 ||   931
       Ozocubu's Armour  |       |       |     2 |    11 |     5 |     1 ||    19
       Metabolic Englaci |       |       |       |     5 |     1 |       ||     6
       Conjure Ball Ligh |       |       |       |       |     9 |    65 ||    74
       Malign Gateway    |       |       |       |       |       |    24 ||    24
       Yara's Violent Un |       |       |       |       |       |     1 ||     1
Invok: Slouch            |       |       |       |       |       |     2 ||     2
       Step From Time    |       |       |       |       |       |     1 ||     1
Evoke: Wand              |       |       |       |       |     1 |     1 ||     2
       Condenser vane    |       |       |       |       |       |     1 ||     1
  Use: Scroll            |       |     3 |     4 |     8 |     6 |    12 ||    33
       Potion            |       |       |     2 |       |     5 |     3 ||    10
 Stab: Sleeping          |       |       |       |       |     3 |     2 ||     5
       Distracted        |       |       |       |       |     2 |       ||     2
Armor: Robe              |     3 |    11 |     2 |       |       |       ||    16
       Scale mail        |       |       |    23 |    10 |       |       ||    33
       Chain mail        |       |       |       |    70 |    76 |       ||   146
       Shadow dragon sca |       |       |       |       |    35 |   146 ||   181
Dodge: Dodged            |     7 |    13 |    41 |    91 |   179 |   177 ||   508
Block: Buckler           |       |       |       |    16 |    74 |       ||    90
       Kite shield       |       |       |       |       |    65 |   272 ||   337

Table legend: (Time is in decaauts)
 A = Elapsed time spent in this place.
 B = Non-inter-level travel time spent in this place.
 C = Inter-level travel time spent in this place.
 D = Time resting spent in this place.
 E = Time spent auto-exploring this place.
 F = Levels seen in this place.
 G = Mean time per level.
                   A        B        C        D        E       F      G
               +--------+--------+--------+--------+--------+-----+--------+
         Total |  48009 |  44887 |   3122 |   5209 |  32007 |  35 | 1371.7 |
       Dungeon |  22596 |  21027 |   1569 |   2176 |  15439 |  15 | 1506.4 |
        Temple |    430 |    297 |    133 |      0 |    288 |   1 |  430.0 |
          Lair |  11358 |  10585 |    773 |   1264 |   8258 |   6 | 1893.0 |
        Shoals |   1316 |   1288 |     28 |      0 |   1105 |   2 |  658.0 |
   Spider Nest |   7507 |   7121 |    386 |    914 |   4702 |   4 | 1876.8 |
  Orcish Mines |   2233 |   2003 |    230 |    120 |   1377 |   2 | 1116.5 |
        Bazaar |    161 |    161 |      0 |      0 |     74 |   1 |  161.0 |
         Sewer |     77 |     77 |      0 |      0 |     52 |   1 |   77.0 |
        Bailey |   1139 |   1139 |      0 |    549 |    305 |   1 | 1139.0 |
      Ice Cave |    316 |    316 |      0 |     85 |     96 |   1 |  316.0 |
      Gauntlet |    871 |    871 |      0 |    101 |    310 |   1 |  871.0 |
               +--------+--------+--------+--------+--------+-----+--------+

Top non-repeatable levels by time:
  Lair:3: 3081 daAuts
Spider:4: 2681 daAuts
  Lair:6: 2506 daAuts
    D:14: 2337 daAuts
    D:15: 2324 daAuts
    D:13: 2136 daAuts
Spider:3: 2054 daAuts
    D:12: 1981 daAuts
     D:8: 1933 daAuts
   Orc:2: 1715 daAuts
    D:10: 1641 daAuts
    D:11: 1626 daAuts
  Lair:5: 1609 daAuts
     D:1: 1603 daAuts
  Lair:4: 1513 daAuts
